 Dungeon Crawl Stone Soup version 0.20.0-15-g7f486f2 (webtiles) character file.

3322 dvd the Chopper (level 9, -6/85 HPs)
             Began as a Troll Gladiator on June 10, 2017.
             Mangled by an orc warrior
             ... wielding a +0 halberd
              (15 damage)
             ... in a bailey.
             The game lasted 00:21:40 (7054 turns).

dvd the Chopper (Troll Gladiator)                   Turns: 7054, Time: 00:21:41

Health: -6/85      AC: 13    Str: 32 (33) XL:     9   Next: 71%
Magic:  9/9        EV: 10    Int:  3 (4)  God:
Gold:   428        SH: 10    Dex: 11      Spells: 8/8 levels left

rFire    . . .     SeeInvis .   L - +1 flail (protect)
rCold    . . .     Gourm    +   D - +0 shield
rNeg     . . .     Faith    .   b - +0 robe
rPois    .         Spirit   .   E - +1 hat
rElec    .         Reflect  .   (no cloak)
rCorr    +         Harm     .   (gloves unavailable)
MR       .....                  (boots unavailable)
Stlth    +.........             (no amulet)
Regen    0.7/turn               k - ring of resist corrosion
MPRegen  0.2/turn               G - +3 ring of strength

@: mighty, protection aura, very slightly contaminated, invisible
A: unfitting armour, claws 3, clumsy 1, fast metabolism 3, gourmand,
regeneration 1, shaggy fur 1, tough skin 2, wild magic 1
a: no special abilities


You were in a bailey.
You were very full.

You visited 2 branches of the dungeon, and saw 9 of its levels.
You also visited: Sewer, Ossuary and Bailey.

You collected 428 gold pieces.

Inventory:

Hand Weapons
 a - a +1 hand axe of chopping
 d - a +2 antimagic hand axe
 s - a +0 trident
 w - a +0 war axe
 H - a +0 morningstar of venom
 L - a +1 flail of protection (weapon)
Missiles
 g - 4 javelins (quivered)
 v - 13 tomahawks
 B - a throwing net
Armour
 b - a +0 robe (worn)
 c - a +0 hat
 D - a +0 shield (worn)
 E - a +1 hat (worn)
Jewellery
 k - a ring of resist corrosion (left claw)
 G - a +3 ring of strength (right claw)
Wands
 p - a wand of digging (14/24)
 C - a wand of polymorph (12/24)
 J - a wand of random effects (0/48)
 K - a wand of flame (27/48)
 M - a wand of scattershot (3/9)
 R - a wand of random effects (23/48)
Scrolls
 e - 7 scrolls of teleportation {unknown}
 i - 8 scrolls of identify
 j - a scroll of random uselessness {unknown}
 r - 5 scrolls of remove curse {unknown}
 u - a scroll of fear {unknown}
 y - 2 scrolls of recharging {unknown}
 F - 3 scrolls of magic mapping {unknown}
 O - a scroll of fog {unknown}
 Q - a scroll of noise {unknown}
Potions
 h - 2 potions of lignification
 o - a potion of flight
 q - 2 potions of curing
 x - a potion of magic
 A - 2 potions of agility
 I - a potion of might
Comestibles
 f - 6 bread rations
 l - 4 royal jellies
 n - 8 fruits
 t - 5 meat rations


   Skills:
 + Level 4.4 Fighting
 + Level 7.5(8.0) Axes
 + Level 4.0(6.6) Maces & Flails
 + Level 2.9 Throwing
 + Level 5.3 Dodging
 + Level 1.0 Stealth
 + Level 3.4 Shields
 + Level 1.7 Evocations


You had 8 spell levels left.
You didn't know any spells.

Dungeon Overview and Level Annotations

Branches:
Dungeon (8/15)             Temple (1/1) D:5            Lair (0/6) D:8

Altars:
Ashenzari
Cheibriados
Dithmenos
Elyvilon
Fedhas
Gozag
Hepliaklqana
Kikubaaqudgha
Makhleb
Nemelex Xobeh
Okawaru
Qazlal
Ru
Sif Muna
Trog
Uskayaw
Vehumet
Xom
Yredelemnul
Zin
The Shining One


Innate Abilities, Weirdness & Mutations

You are too large for most types of armour.
You have claws for hands.
Your metabolism is lightning-fast.
You like to eat raw meat.
Your natural rate of healing is unusually fast.
You are covered in fur. (AC +1)
You have very tough skin. (AC +2)
You are clumsy. (Dex -2)
Your spells are a little harder to cast, but a little more powerful.


Message History

You feel very mighty all of a sudden. Something hits you!!
You block the orc knight's attack.
The orc warrior hits you with a halberd!!
* * * LOW HITPOINT WARNING * * *
Unknown command.
You feel much better. You block something's attack.
The orc knight hits you with an enchanted glaive!
* * * LOW HITPOINT WARNING * * *
You sock the orc knight!
The orc knight is severely wounded.
Something hits you but does no damage. You block the orc warrior's attack.
The orc knight hits you with an enchanted glaive!
* * * LOW HITPOINT WARNING * * *
Unknown command.
You strike the helpless orc knight from behind!
You sock the orc knight!
The orc knight is almost dead.
The orc knight roars a battlecry!
Something hits you!
You die...

### #### ##∩##
######
....##...##...).##
≈≈≈..#...#o.≈≈≈..#
≈o≈≈.....@o≈≈.≈≈.#
.oo≈.....(.≈)).≈.+
≈o≈≈.......≈≈)≈≈.#
≈≈≈..#...#..≈≈≈..#
.... #.∩.##.....##
### ##∩## ######
###


You could see 2 orc knights and an orc warrior.

Vanquished Creatures
  An orc knight (Bailey)
  The ghost of sergedm the Thaumaturge, a novice DECj of Vehumet (D:7)
  An orc warrior (Bailey)
  An ice beast (D:6)
  A black bear (D:7)
  A necrophage (D:4)
  2 ogres (D:4)
  A big kobold (D:7)
  4 bullfrogs
  3 water moccasin zombies (Ossuary)
  A wyvern skeleton (D:8)
  2 scorpions
  3 wights (D:7)
  8 crimson imps
  A hound (D:4)
  3 orc priests
  A jelly (D:3)
  Jessica (D:3)
  Natasha (thrice) (D:3)
  Terence (D:3)
  An iguana (D:5)
  An orc wizard (D:3)
  5 worker ants
  A big kobold zombie (Ossuary)
  2 hound skeletons
  2 mummies (Ossuary)
  A worker ant zombie (D:4)
  A howler monkey skeleton (D:5)
  13 adders
  5 shadow imps
  2 white imps (D:7)
  3 oozes
  7 adder zombies
  7 worms
  3 dart slugs
  2 leopard geckos
  20 orcs
  3 ball pythons (Sewer)
  5 giant cockroaches
  7 goblins
  5 hobgoblins
  10 jackals
  20 kobolds
  4 quokkas
  9 bats
  12 frilled lizards
  8 hobgoblin zombies (Ossuary)
  3 kobold zombies (Ossuary)
  8 orc zombies (Ossuary)
  A quokka skeleton (D:5)
  12 rats
  A plant (Sewer)
224 creatures vanquished.

Notes
Turn   | Place    | Note
-------+----------+-------------------------------------------
     0 | D:1      | dvd the Troll Gladiator began the quest for the Orb.
     0 | D:1      | Reached XP level 1. HP: 19/19 MP: 0/0
    37 | D:1      | Reached XP level 2. HP: 27/27 MP: 1/1
   451 | D:1      | Reached skill level 3 in Axes
   555 | D:1      | Reached XP level 3. HP: 35/35 MP: 2/2
  1299 | D:2      | Reached XP level 4. HP: 40/42 MP: 3/3
  2118 | D:3      | Noticed Natasha
  2128 | D:3      | Killed Natasha
  2128 | D:3      | Reached XP level 5. HP: 48/49 MP: 4/4
  2143 | D:3      | Reached skill level 4 in Axes
  2429 | D:3      | Noticed Terence
  2444 | D:3      | Killed Terence
  2444 | D:3      | Reached XP level 6. HP: 58/58 MP: 5/5
  2540 | D:3      | Noticed Jessica
  2545 | D:3      | Killed Jessica
  2622 | D:3      | Noticed Natasha
  2631 | D:3      | Killed Natasha
  2704 | D:3      | Noticed Natasha
  2714 | D:3      | Killed Natasha
  2762 | D:4      | Found a sand-covered staircase.
  2769 | D:4      | Reached skill level 5 in Axes
  2793 | Ossuary  | Entered an ossuary
  2831 | Ossuary  | Reached XP level 7. HP: 19/66 MP: 6/6
  3202 | D:4      | Found an iron altar of Okawaru.
  3203 | D:4      | Found a hazy altar of Hepliaklqana.
  3205 | D:4      | Found a bloodstained altar of Trog.
  3205 | D:4      | Found a shadowy altar of Dithmenos.
  3205 | D:4      | Found a shimmering altar of Xom.
  3207 | D:4      | Found a sacrificial altar of Ru.
  3207 | D:4      | Found a shattered altar of Ashenzari.
  3208 | D:4      | Found a glowing golden altar of the Shining One.
  3213 | D:4      | Reached skill level 6 in Axes
  3276 | D:4      | Found a glowing drain.
  3309 | Sewer    | Entered a sewer
  4062 | D:4      | Found a blossoming altar of Fedhas.
  4155 | D:4      | Reached XP level 8. HP: 62/74 MP: 7/7
  4158 | D:4      | Reached skill level 1 in Shields
  4541 | D:5      | Entered Level 5 of the Dungeon
  4667 | D:5      | Found a staircase to the Ecumenical Temple.
  4677 | Temple   | Entered the Ecumenical Temple
  5556 | D:6      | Reached skill level 1 in Maces & Flails
  6180 | D:7      | Reached skill level 7 in Axes
  6274 | D:7      | Noticed sergedm's ghost (novice DECj)
  6281 | D:7      | Gained mutation: You are clumsy. (Dex -2) [potion of mutation]
  6281 | D:7      | Gained mutation: Your spells are a little harder to cast, but a little more powerful. [potion of mutation]
  6293 | D:7      | Killed sergedm's ghost
  6293 | D:7      | Reached XP level 9. HP: 61/84 MP: 8/8
  6354 | D:7      | Reached skill level 5 in Dodging
  6474 | D:7      | Reached skill level 1 in Stealth
  6847 | D:8      | Found a staircase to the Lair.
  6950 | D:8      | Found a flagged portal.
  6996 | Bailey   | Entered a bailey
  6996 | Bailey   | Noticed an orc knight
  6996 | Bailey   | Noticed an orc knight
  7033 | Bailey   | Noticed an orc knight
  7042 | Bailey   | Killed an orc knight
  7042 | Bailey   | Reached skill level 1 in Evocations
  7054 | Bailey   | Mangled by an orc warrior

Skill      XL: |  1  2  3  4  5  6  7  8  9 |
---------------+----------------------------+-----
Axes           | 3 4 5 6 7 |  7.5
Throwing       | 2 |  2.9
Fighting       | 2 3 4 |  4.4
Dodging        | 3 4 5 |  5.3
Shields        | 2 3 |  3.4
Maces & Flails | 3 4 |  4.0
Stealth        | 1 |  1.0
Evocations     | 1 |  1.7

Action                   |  1- 3 |  4- 6 |  7- 9 || total
-------------------------+-------+-------+-------++-------
Melee: War axe           |   116 |   132 |       ||   248
       Hand axe          |       |    55 |   300 ||   355
       Flail             |       |       |   167 ||   167
Throw: Throwing net      |     2 |       |     2 ||     4
       Javelin           |    10 |    13 |    22 ||    45
       Tomahawk          |       |       |     2 ||     2
Evoke: Wand              |       |       |    36 ||    36
  Use: Potion            |       |     2 |    14 ||    16
       Scroll            |       |       |     3 ||     3
 Stab: Invisible         |       |       |     4 ||     4
  Eat: Chunk             |    15 |    17 |    40 ||    72
Armor: Robe              |    47 |    70 |   144 ||   261
       Skin              |       |    20 |       ||    20
Dodge: Dodged            |    67 |   113 |   179 ||   359
Block: Shield            |       |       |   161 ||   161
